 Seeded DCSS version 0.30-a0-381-g6ea064c7b4 (webtiles) character file.

Game seed: 20221204 (custom seed)

83 McGhostyFace the Fighter (level 4, 45/45 HPs)
             Began as a Gnoll Wanderer on Dec 2, 2022.
             Got out of the dungeon alive.
             The game lasted 00:02:21 (1474 turns).

McGhostyFace the Fighter (Gnoll Wanderer)           Turns: 1474, Time: 00:02:22

Health: 45/45      AC: 13    Str: 10    XL:     4   Next: 44%
Magic:  8/8        EV:  5    Int: 12    God:
Gold:   54         SH:  0    Dex: 14    Spells: 9/9 levels left

rFire   . . .      SeeInvis +    p - +0 falchion
rCold   . . .      Faith    .    (no shield)
rNeg    . . .      Spirit   .    e - +0 chain mail
rPois   .          Reflect  .    m - +2 helmet {SInv}
rElec   .          Harm     .    (no cloak)
rCorr   .          Rampage  .    (no gloves)
Will    .....                    (no boots)
Stlth   ..........               (no amulet)
HPRegen 0.27/turn                (no ring)
MPRegen 0.11/turn                (no ring)

@: no status effects
A: fangs 1, strong nose, distributed training
a: no special abilities


You escaped.
You visited 1 branch of the dungeon, and saw 2 of its levels.

You collected 54 gold pieces.

Inventory:

Hand Weapons
 a - a +0 dagger
 l - a +0 mace
 p - a +0 falchion (weapon)
Armour
 e - a +0 chain mail (worn)
 m - a +2 helmet of see invisible (worn)
Scrolls
 c - a scroll of butterflies
 d - 2 scrolls of fear
 h - a scroll of vulnerability {unknown}
 i - a scroll of blinking {unknown}
 j - a scroll of identify {unknown}
 k - a scroll of brand weapon {unknown}
Potions
 b - a potion of lignification
 f - a potion of resistance {unknown}
 g - a potion of flight {unknown}
 n - 2 potions of mutation {unknown}
 o - a potion of curing {unknown}


   Skills:
 + Level 8.6 Fighting
 + Level 1.2 Short Blades
 + Level 1.2 Long Blades
 + Level 1.2 Axes
 + Level 1.2 Maces & Flails
 + Level 1.2 Polearms
 + Level 1.2 Staves
 + Level 1.2 Ranged Weapons
 + Level 2.8 Throwing
 + Level 6.6 Armour
 + Level 1.2 Dodging
 + Level 1.2 Stealth
 + Level 1.2 Shields
 + Level 1.2 Unarmed Combat
 + Level 3.0 Spellcasting
 + Level 1.0 Conjurations
 + Level 1.0 Hexes
 + Level 1.0 Summonings
 + Level 1.0 Necromancy
 + Level 1.0 Translocations
 + Level 1.0 Transmutations
 + Level 1.0 Fire Magic
 + Level 1.0 Ice Magic
 + Level 1.0 Air Magic
 + Level 1.0 Earth Magic
 + Level 1.0 Poison Magic
 + Level 1.3 Invocations
 + Level 2.8 Evocations


You had 9 spell levels left.
You didn't know any spells.
Your spell library was empty.

Dungeon Overview and Level Annotations

Branches:
Dungeon (2/15)

Altars:
Xom

Shops:
D:2 [


Innate Abilities, Weirdness & Mutations

You have very sharp teeth.
Your uncanny sense of smell can sniff out nearby items.
Your experience applies equally to all skills.


Message History

You closely miss Terence.
Terence is almost dead.
Terence hits you but does no damage.
You hit Terence.
You kill Terence!
Your Spellcasting skill increases to level 3!
Your Conjurations skill increases to level 1!
Your Hexes skill increases to level 1!
Your Summonings skill increases to level 1!
Your Necromancy skill increases to level 1!
Your Translocations skill increases to level 1!
Your Transmutations skill increases to level 1!
Your Fire Magic skill increases to level 1!
Your Ice Magic skill increases to level 1!
Your Air Magic skill increases to level 1!
Your Earth Magic skill increases to level 1!
Your Poison Magic skill increases to level 1!
Unknown command.
Unknown command.
Things that are here:
a +0 short sword; a +0 scale mail; the human corpse of Terence
There is an entrance to Cilla's Antique Armour Emporium here.
Unknown command.
(D) Dungeon
Where to? (Enter - D:2, ? - help)
What level of the Dungeon? (default 1, ? - help)
Things that are here:
a +0 short sword; a +0 scale mail; the human corpse of Terence
There is a stone staircase leading up here.
You climb upwards.
There is a stone staircase leading down here.
You see here 4 stones.
There is a staircase leading out of the dungeon here.
You can't go down here!
Unknown command.
Unknown command.
You see here 4 stones.
There is a staircase leading out of the dungeon here.
Are you sure you want to leave the Dungeon?
This will make you lose the game!
You have escaped!

###########.#.~~~≈≈≈≈≈≈≈≈≈≈~
..# #.#...~≈≈≈≈≈≈≈≈≈≈_ #.#
#.###..~≈≈≈≈≈≈≈≈~≈≈# #.# #.#
#..~~~~≈≈≈≈≈≈≈≈# #.# #.#
#...~~≈≈≈≈≈≈≈≈≈# #.#
#.###...~~≈≈≈≈≈≈≈≈≈# #.#
#.#......~≈≈≈≈≈≈≈≈≈# #.#
#.#.#.##.~≈≈≈≈≈≈≈≈≈# #.#
#######.#..(@#.[~≈≈≈≈≈≈≈≈# #(#
#................~~~≈≈≈≈≈# ..#
#.........####.....~~≈~~≈# ###
#.........# #..........≈#
#####.........#######..#######
..........(.........#.##
###############.......#
.....>............###.#
#####.#########.#.# #.#


There were no monsters in sight!

Vanquished Creatures
  Terence (D:2)
  2 adders (D:2)
  6 ball pythons
  6 endoplasms
  4 goblins
  6 hobgoblins
  4 kobolds
  A quokka (D:2)
  4 bats (D:1)
  A frilled lizard (D:1)
35 creatures vanquished.

Notes
Turn   | Place    | Note
-------+----------+-------------------------------------------
     0 | D:1      | McGhostyFace the Gnoll Wanderer began the quest for the
                  | Orb.
     0 | D:1      | McGhostyFace set off with the following items: a +0 dagger,
                  | a potion of lignification, a scroll of butterflies, a
                  | scroll of fear, a +0 chain mail.
     0 | D:1      | Reached XP level 1. HP: 26/26 MP: 4/4
    86 | D:1      | Reached XP level 2. HP: 33/33 MP: 5/5
   620 | D:1      | Reached XP level 3. HP: 38/38 MP: 7/7
   927 | D:1      | Found a shimmering altar of Xom.
  1125 | D:2      | Reached skill level 1 in Invocations
  1196 | D:2      | Reached skill level 1 in Short Blades
  1196 | D:2      | Reached skill level 1 in Long Blades
  1196 | D:2      | Reached skill level 1 in Axes
  1196 | D:2      | Reached skill level 1 in Maces & Flails
  1196 | D:2      | Reached skill level 1 in Polearms
  1196 | D:2      | Reached skill level 1 in Staves
  1196 | D:2      | Reached skill level 1 in Ranged Weapons
  1196 | D:2      | Reached skill level 1 in Dodging
  1196 | D:2      | Reached skill level 1 in Stealth
  1196 | D:2      | Reached skill level 1 in Shields
  1196 | D:2      | Reached skill level 1 in Unarmed Combat
  1338 | D:2      | Reached XP level 4. HP: 44/45 MP: 8/8
  1360 | D:2      | Noticed Terence
  1362 | D:2      | Found Cilla's Antique Armour Emporium.
  1381 | D:2      | Killed Terence
  1382 | D:2      | Reached skill level 1 in Conjurations
  1382 | D:2      | Reached skill level 1 in Hexes
  1382 | D:2      | Reached skill level 1 in Summonings
  1382 | D:2      | Reached skill level 1 in Necromancy
  1382 | D:2      | Reached skill level 1 in Translocations
  1382 | D:2      | Reached skill level 1 in Transmutations
  1382 | D:2      | Reached skill level 1 in Fire Magic
  1382 | D:2      | Reached skill level 1 in Ice Magic
  1382 | D:2      | Reached skill level 1 in Air Magic
  1382 | D:2      | Reached skill level 1 in Earth Magic
  1382 | D:2      | Reached skill level 1 in Poison Magic
  1474 | D:$      | Got out of the dungeon alive.

Illustrated notes

Levels and vault maps discovered:
D:1:      dpeg_arrival_water_altar, layout_basic
D:2:      layout_basic, serial_shops, nicolae_shop_crystal, uniq_terence

Skill      XL: |  1  2  3  4 |
---------------+-------------+-----
Invocations    | 1 |  1.3
Short Blades   | 1 |  1.2
Long Blades    | 1 |  1.2
Axes           | 1 |  1.2
Maces & Flails | 1 |  1.2
Polearms       | 1 |  1.2
Staves         | 1 |  1.2
Ranged Weapons | 1 |  1.2
Dodging        | 1 |  1.2
Stealth        | 1 |  1.2
Shields        | 1 |  1.2
Unarmed Combat | 1 |  1.2
Spellcasting   | 3 |  3.0
Conjurations   | 1 |  1.0
Hexes          | 1 |  1.0
Summonings     | 1 |  1.0
Necromancy     | 1 |  1.0
Translocations | 1 |  1.0
Transmutations | 1 |  1.0
Fire Magic     | 1 |  1.0
Ice Magic      | 1 |  1.0
Air Magic      | 1 |  1.0
Earth Magic    | 1 |  1.0
Poison Magic   | 1 |  1.0
Fighting       | |  8.6
Throwing       | |  2.8
Armour         | |  6.6
Evocations     | |  2.8

Action                   |  1- 3 |  4- 6 || total
-------------------------+-------+-------++-------
Melee: Dagger            |   142 |       ||   142
       Bite              |     9 |     2 ||    11
       Punch             |     3 |     2 ||     5
       Mace              |    26 |       ||    26
       Falchion          |     6 |    19 ||    25
Armor: Chain mail        |   120 |    14 ||   134
Dodge: Dodged            |    56 |     6 ||    62

Table legend: (Time is in decaauts)
 A = Elapsed time spent in this place.
 B = Non-inter-level travel time spent in this place.
 C = Inter-level travel time spent in this place.
 D = Time resting spent in this place.
 E = Time spent auto-exploring this place.
 F = Levels seen in this place.
 G = Mean time per level.
                   A        B        C        D        E       F      G
               +--------+--------+--------+--------+--------+-----+--------+
         Total |   1491 |   1387 |    104 |     40 |    999 |   2 |  745.5 |
       Dungeon |   1491 |   1387 |    104 |     40 |    999 |   2 |  745.5 |
               +--------+--------+--------+--------+--------+-----+--------+

Top non-repeatable levels by time:
     D:1: 1016 daAuts
     D:2: 474 daAuts
